 Dungeon Crawl Stone Soup version 0.17-a0-968-gf8e1f1d (webtiles) character file.

987 Gorice the Cudgeler (level 8, 0/41 HPs)
             Began as a Gargoyle Wanderer on May 9, 2015.
             Was a Follower of Okawaru.
             Slain by an ogre
             ... wielding a +0 giant club
              (14 damage)
             ... on level 6 of the Dungeon.
             The game lasted 00:29:04 (6269 turns).

Gorice the Cudgeler (Gargoyle Wanderer)             Turns: 6269, Time: 00:29:04

Health: 0/41       AC: 13    Str: 16    XL:     8   Next: 18%
Magic:  13/14      EV: 10    Int: 13    God:    Okawaru [*.....]
Gold:   266        SH:  0    Dex: 11    Spells: 1 memorised, 14 levels left

rFire  . . .     SeeInvis .     a - +0 mace
rCold  . . .     Clarity  .     s - +1 ring mail
rNeg   + . .     SustAb   .     (no shield)
rPois  ∞         Gourm    .     (no helmet)
rElec  +         Spirit   .     w - +1 cloak {rPois}
rCorr  .         Warding  .     (no gloves)
rMut   .         Stasis   .     (no boots)
MR     .....                    (no amulet)
Stlth  +.........               (no ring)
                                l - +3 ring of slaying

@: about to teleport, not resistant to hostile enchantments, very unstealthy
A: negative energy resistance 1, electricity resistance, unbreathing,
petrification resistance, rot immunity, AC +5
a: Heroism, Renounce Religion


You were on level 6 of the Dungeon.
You worshipped Okawaru.
Okawaru was aware of your devotion.
You were not hungry.

You visited 2 branches of the dungeon, and saw 7 of its levels.

You collected 266 gold pieces.

Inventory:

Hand weapons
 a - a +0 mace (weapon)
 e - a +1 dagger of venom
   (You found it on level 3 of the Dungeon)
 h - a +2 dagger of venom
   (You took it off an orc wizard on level 3 of the Dungeon)
Missiles
 n - 20 poisoned needles
 t - 15 sling bullets
 C - 3 curare-tipped needles
 Z - 186 stones (quivered)
Armour
 m - a +0 scale mail
 q - a +0 chain mail
 s - a +1 ring mail (worn)
 w - a +1 cloak of poison resistance (worn)
   (You found it on level 4 of the Dungeon)
Jewellery
 l - a +3 ring of slaying (left hand)
 D - a cursed -2 ring of strength
Scrolls
 b - 2 scrolls of teleportation {!r}
 y - a scroll of fog
Potions
 d - a potion of poison {unknown}
 i - 3 potions of cure mutation {!q}
 j - a potion of curing
 o - a potion of heal wounds {unknown}
 p - a potion of mutation {unknown}
 u - a potion of invisibility {unknown}
 x - a potion of berserk rage {unknown}
 z - a potion of magic {unknown}
 E - 2 potions of haste {unknown}
 F - a potion of cancellation {unknown}
 G - a potion of lignification {unknown}
Books
 c - the Guide on Lightness

   Spells                             Type                      Level
   a - Shock                          Conjuration/Air              1
   b - Flight                         Charms/Air                   3
 g - a book of Frost
Comestibles
 f - 4 bread rations {!e}
 k - 3 fruits
 r - a slice of pizza
 v - 2 meat rations {!e}
 B - a chunk of flesh


   Skills:
 * Level 7.8 Maces & Flails
 - Level 1.0 Throwing
   Level 1.1 Shields
 - Level 4.0 Spellcasting
 + Level 4.6 Ice Magic
   Level 1.0 Air Magic
   Level 2.0 Poison Magic


You had 14 spell levels left.
You knew the following spells:

 Your Spells              Type           Power        Failure   Level  Hunger
a - Freeze                Ice            ##..         8%          1    None


Dungeon Overview and Level Annotations

Branches:
Dungeon (6/15)             Temple (1/1) D:4

Altars:
Ashenzari
Dithmenos
Elyvilon
Fedhas
Gozag
Kikubaaqudgha
Makhleb
Nemelex Xobeh
Okawaru
Qazlal
Ru
Sif Muna
Trog
Vehumet
Xom
Yredelemnul
Zin

Shops:
D:6 %

Annotations:
D:4 Edmund


Innate Abilities, Weirdness & Mutations

You are resistant to torment.
Your stone body is resilient (AC +5).
You are immune to poison.
You resist negative energy.
You are resistant to electric shocks.
You can survive without breathing.
You are immune to petrification.
You are immune to rotting.


Message History

An ogre comes into view. It is wielding a giant club.
The ogre shouts!
Throwing (i - inventory. (,) - cycle):
A - 3 tomahawks (quivered)
Press: ? - help, Shift-Dir - straight line, f - ogre
Aim: an ogre, wielding a giant club You throw a tomahawk.
The tomahawk hits the ogre!
The ogre is moderately wounded.
Throwing (i - inventory. (,) - cycle):
A - 2 tomahawks (quivered)
Press: ? - help, Shift-Dir - straight line, f/p - ogre
Aim: an ogre, wielding a giant club (moderately wounded)
You throw a tomahawk. The tomahawk hits the ogre.
The ogre is heavily wounded.
Throwing (i - inventory. (,) - cycle):
A - a tomahawk (quivered)
Press: ? - help, Shift-Dir - straight line, f/p - ogre
Aim: an ogre, wielding a giant club (heavily wounded)
You throw a tomahawk.
The tomahawk hits the ogre but does no damage.
The ogre is heavily wounded.
Throwing (i - inventory):
Z - 187 stones (quivered)
Press: ? - help, Shift-Dir - straight line, f/p - ogre
Aim: an ogre, wielding a giant club (heavily wounded)
You throw a stone. The stone hits the ogre.
The ogre is severely wounded.
The ogre barely misses you.
Casting: Freeze
Confirm with . or Enter, or press ? or * to list all spells.
Aiming: Freeze
Press: ? - help, Shift-Dir - straight line, f/p - ogre
Aim: an ogre, wielding a giant club (severely wounded)
You freeze the ogre.
The ogre is severely wounded.
Casting: Freeze
Confirm with . or Enter, or press ? or * to list all spells.
Aiming: Freeze
Press: ? - help, Shift-Dir - straight line, f/p - ogre
Aim: an ogre, wielding a giant club (severely wounded)
You freeze the ogre.
The ogre is almost dead.
The ogre hits you with a giant club!
Damage: 16 (max 16)
Your ring mail prevents you from hitting the ogre.
The ogre is almost dead.
The ogre hits you with a giant club!
Damage: 12 (max 16) Unknown command.
Read which item? (? for menu, Esc to quit)
Really read
b - 3 scrolls of teleportation {!r}?
As you read the scroll of teleportation {!r}, it crumbles to dust.
You feel strangely unstable. The ogre hits you with a giant club!
You die...

#........# #...# #. #........#
#...# #. #........# #...# #.#.
#........# #...# #.#.
#........## #...# ##.#.
#######...# #...# #..#.
......#.# #...# #..#.
.#.########.#####...#######....
..............@O...........>.#.
...............#.#.###.........
##.#####..#.##.#.#.# #.......#.
##.#.##.#.#.# #....(..#.
#......#.#.# ######(.#.
##..##.#.#.# #(...
##########..##.#.#.# #(...
#...........##.#.#.# #..##
#..................## #..##


You could see an ogre.

Vanquished Creatures
  Sigmund (D:5)
  A sky beast (D:5)
  A centaur (D:6)
  A crimson imp (D:4)
  3 orc wizards
  2 giant frog zombies
  2 hounds
  A giant frog skeleton (D:4)
  3 worker ants
  A killer bee zombie (D:5)
  7 adders
  11 gnolls
  An ooze (D:1)
  An adder skeleton (D:5)
  5 worms
  6 giant geckos
  8 orcs
  5 giant cockroaches
  6 goblins
  13 hobgoblins
  2 quokkas
  7 bats
  A giant gecko skeleton (D:5)
  3 giant newts
  7 jackals
  A jackal skeleton (D:6)
  14 kobolds
  16 rats
130 creatures vanquished.

Notes
Turn   | Place    | Note
--------------------------------------------------------------
     0 | D:1      | Gorice, the Gargoyle Wanderer, began the quest for the Orb.
     0 | D:1      | Gorice set off with: a book of Frost, a scroll of teleportation {!r}, the Guide on Lightness, a +0 robe, a +0 club, a bread ration {!e}
     0 | D:1      | Reached XP level 1. HP: 10/10 MP: 5/5
     0 | D:1      | Identified the Guide on Lightness
     2 | D:1      | Learned a level 1 spell: Freeze
     5 | D:1      | Noticed an electric eel
     5 | D:1      | Noticed an electric eel
    38 | D:1      | Reached skill level 1 in Maces & Flails
    48 | D:1      | Reached XP level 2. HP: 12/15 MP: 2/7
   280 | D:1      | Reached skill level 2 in Maces & Flails
   517 | D:1      | Reached XP level 3. HP: 19/19 MP: 8/8
  1076 | D:2      | Reached skill level 3 in Maces & Flails
  1076 | D:2      | Reached XP level 4. HP: 17/24 MP: 10/10
  1237 | D:2      | You fall through a shaft for 2 floors!
  1237 | D:4      | Found a stormy altar of Qazlal.
  1237 | D:4      | Noticed an air elemental
  1264 | D:4      | Noticed a water elemental
  1280 | D:4      | Noticed a fire elemental
  1451 | D:2      | HP: 4/24 [gnoll/club (4)]
  1452 | D:2      | Reached skill level 4 in Maces & Flails
  1468 | D:2      | Reached XP level 5. HP: 5/28 MP: 11/11
  2302 | D:2      | Reached skill level 2 in Ice Magic
  2501 | D:2      | Found a deep blue altar of Sif Muna.
  2511 | D:2      | Found a bloodstained altar of Trog.
  3020 | D:3      | Reached XP level 6. HP: 24/32 MP: 9/12
  3350 | D:3      | Reached skill level 5 in Maces & Flails
  3751 | D:4      | Found a staircase to the Ecumenical Temple.
  3771 | Temple   | Entered the Ecumenical Temple
  3860 | D:4      | Noticed Edmund
  3907 | D:3      | HP: 8/32 [orc/mace (3)]
  4185 | D:4      | Noticed an earth elemental
  4283 | D:4      | Reached skill level 3 in Ice Magic
  4375 | D:4      | Found a sacrificial altar of Ru.
  4381 | D:4      | Found a shimmering altar of Xom.
  4386 | D:4      | Found an iron altar of Okawaru.
  4394 | D:4      | Became a worshipper of Warmaster Okawaru
  4552 | D:4      | Found a radiant altar of Vehumet.
  4562 | D:4      | Reached skill level 6 in Maces & Flails
  4668 | D:5      | Entered Level 5 of the Dungeon
  4671 | D:5      | Reached XP level 7. HP: 36/36 MP: 13/13
  5427 | D:5      | Found a burning altar of Makhleb.
  5507 | D:5      | Reached skill level 4 in Ice Magic
  5547 | D:5      | Noticed Sigmund
  5558 | D:4      | Acquired Okawaru's first power
  5558 | D:4      | Reached skill level 7 in Maces & Flails
  5583 | D:5      | Killed Sigmund
  5583 | D:5      | Reached XP level 8. HP: 27/41 MP: 6/14
  5921 | D:6      | Found Cikhlits's Food Emporium.
  6269 | D:6      | Slain by an ogre

Action                   |  1- 3 |  4- 6 |  7- 9 || total
-------------------------+-------+-------+-------++-------
Melee: Mace              |    59 |   223 |   119 ||   401
Throw: Stone             |     1 |    35 |     1 ||    37
       Tomahawk          |       |       |     3 ||     3
 Cast: Freeze            |    24 |    28 |    28 ||    80
  Use: Scroll            |     1 |     5 |     2 ||     8
       Potion            |       |     1 |       ||     1
  Eat: Chunk             |       |    12 |     5 ||    17

Table legend:
 A = Turns spent in this place as a percentage of turns spent in the entire game.
 B = Non-inter-level travel turns spent in this place as a percentage of non-inter-level travel turns spent in the entire game.
 C = Inter-level travel turns spent in this place as a percentage of turns spent in this place.
 D = Turns resting spent in this place as a percentage of non-inter-level travel turns spent in this place.
 E = Turns spent auto-exploring this place as a percentage of non-inter-level travel turns spent in this place.
 F = Non-inter-level travel turns spent in this place divided by the number of levels of this place that you've seen.
                   A       B       C       D       E      F
               +-------+-------+-------+-------+-------+----------------------
         Total | 100.0 | 100.0 |   0.5 |   1.4 |   6.5 | 286.4
       Dungeon |  97.2 |  97.2 |   0.5 |   1.4 |   6.7 | 324.7
        Temple |   2.8 |   2.8 |   0.0 |   0.0 |   0.0 |  57.0
               +-------+-------+-------+-------+-------+----------------------

Vault maps used:
D:1:      arrival_aquarium_b, minmay_box_of_dots
D:2:      bloody_trog, lemuel_crystal_altar
D:3:      first_bread, serial_glass, glass_columns_b, glass_columns_a,
          item_on_display_a, due_unseen_surprise, feat_on_display,
          feat_on_display, amethyst_killhole, columned_hall_lemuel, hex_medium
D:4:      nicolae_qazlal_style_of_elements, minmay_overflow_temple_star_quad,
          minmay_temple_entry_statues_pillars, grunt_decor_one_mirror,
          vehumet_altar_wand_db, uniq_edmund
D:5:      makhleb_blood_cavern_becter, uniq_sigmund
D:6:      serial_shops, shop_fountains
Temple:   triangle_lava_temple_11
